 Dungeon Sprint DCSS version 0.27-a0-978-g2aa4ecdaef (webtiles) character file.

Game seed: 16705743664136255977

6 mhtbhm the Digger (level 1, 0/10 HPs)
             Began as a Gargoyle Earth Elementalist on Apr 14, 2021.
             Slain by a water moccasin (7 damage)
             ... in the Dungeon (Sprint IX: "|||||||||||||||||||||||||||||").
             The game lasted 00:00:35 (279 turns).

mhtbhm the Digger (Gargoyle Earth Elementalist)      Turns: 279, Time: 00:00:36

Health: 0/10       AC:  4    Str: 11    XL:     1   Next: 90%
Magic:  1/3        EV: 12    Int: 15    God:
Gold:   0          SH:  0    Dex: 10    Spells: 3/4 levels left

rFire    . . .     SeeInvis .   (no weapon)
rCold    . . .     Faith    .   (no shield)
rNeg     + . .     Spirit   .   c - +0 robe
rPois    ∞         Reflect  .   (no helmet)
rElec    +         Harm     .   (no cloak)
rCorr    .         Rampage  .   (no gloves)
Will     .....     NoTele   +   (no boots)
Stlth    ++........             (no amulet)
HPRegen  0.03/turn              (no ring)
MPRegen  0.08/turn              (no ring)

@: hasted, very quick
A: AC +2, negative energy resistance 1, electricity resistance, torment
resistance 1, unbreathing 1, petrification resistance
a: no special abilities


You were in the Dungeon.
You visited 1 branch

Inventory:

Missiles
 b - 21 stones
Armour
 c - a +0 robe (worn)
Scrolls
 i - a scroll of blinking
Potions
 d - a potion of curing
 g - a potion of magic
 h - a potion of berserk rage


   Skills:
 + Level 1.7 Dodging
 - Level 2.5 Stealth
 + Level 2.2 Spellcasting
 + Level 0.7 Transmutations
 + Level 5.2 Earth Magic


You had 3 spell levels left.
You knew the following spells:

 Your Spells              Type           Power      Damage    Failure   Level
a - Sandblast             Erth           34%        2d9       2%          1

Your spell library contained the following spells:

 Spells                   Type           Power      Damage    Failure   Level
 Passwall                 Tmut/Erth      8%         N/A       10%         2
 Stone Arrow              Conj/Erth      18%        3d8       22%         3
 Petrify                  Tmut/Erth      10%        N/A       54%         4
 Lee's Rapid Deconstruct  Erth           8%         3d8*      56%         5


Dungeon Overview and Level Annotations

Branches:
Dungeon (1/1)

Altars:


Innate Abilities, Weirdness & Mutations

Your stone body is resilient. (AC +2)
You are immune to poison.
You resist negative energy. (rN+)
You are resistant to electric shocks. (rElec)
You are resistant to unholy torment.
You can survive without breathing.
You are immune to petrification.


Message History

The water moccasin barely misses you.
Unknown command.
Unknown command.
Casting: Sandblast (safe; 2% risk of failure)
Confirm with . or Enter, or press ? or * to list all spells.
Aiming: Sandblast (safe; 2% risk of failure)
Press: ? - help, Shift-Dir - straight line, f/p - water moccasin
Aim: a water moccasin (moderately wounded, 34% to evade)
The blast of sand hits the water moccasin.
The water moccasin is heavily wounded.
The water moccasin closely misses you. The water moccasin bites you.
Ouch! That really hurt!
* * * LOW HITPOINT WARNING * * *
Unknown command.
You feel much better. The water moccasin barely misses you.
Unknown command.
You feel yourself speed up. The water moccasin closely misses you.
The water moccasin bites you.
Unknown command.
Magic courses through your body.
Casting: Sandblast (safe; 2% risk of failure)
Confirm with . or Enter, or press ? or * to list all spells.
Aiming: Sandblast (safe; 2% risk of failure)
Press: ? - help, Shift-Dir - straight line, f/p - water moccasin
Aim: a water moccasin (heavily wounded, 34% to evade)
The blast of sand hits the water moccasin but does no damage.
The water moccasin is heavily wounded.
The water moccasin bites you.
Unknown command.
Unknown command.
Casting: Sandblast (safe; 2% risk of failure)
Confirm with . or Enter, or press ? or * to list all spells.
Aiming: Sandblast (safe; 2% risk of failure)
Press: ? - help, Shift-Dir - straight line, f/p - water moccasin
Aim: a water moccasin (heavily wounded, 34% to evade)
The blast of sand hits the water moccasin!
The water moccasin is almost dead.
The water moccasin bites you!
Ouch! That really hurt!
You die...

▓▓▓
▓<▓
▓)▓
▓.▓
▓.▓
▓'▓
▓.▓
▓@▓
▓S▓
▓O▓
▓.▓
▓S▓
▓o▓
▓.▓
▓Z▓
▓.▓


You could see a water moccasin, an ogre, an adder, an orc and a quokka skeleton.

Vanquished Creatures
  3 endoplasms (D)
  A giant cockroach (D)
  A kobold (D)
5 creatures vanquished.

Notes
Turn   | Place    | Note
-------+----------+-------------------------------------------
     0 | D        | mhtbhm the Gargoyle Earth Elementalist began the quest for
                  | the Orb.
     0 | D        | Reached XP level 1. HP: 10/10 MP: 3/3
     5 | D        | Reached skill level 4 in Earth Magic
   140 | D        | Reached skill level 5 in Earth Magic
   268 | D        | Noticed a water moccasin
   268 | D        | Noticed an ogre
   279 | D        | Slain by a water moccasin

Illustrated notes

Levels and vault maps discovered:
D:        linesprint [early_d, line_temple, items_1, d_10, items_2, lair_1,
          lair_end, items_3, orc_1, orc_end, items_4, d_15, swamp_1, shoals_1,
          snake_1, spider_1, d_20, vaults_1, items_5, swamp_end, shoals_end,
          snake_end, spider_end, vaults_end, d_27, items_6, zot_1, zot_end,
          crypt_end, forest_end, elf_end, slime_end, tomb_end, abyss_end,
          pan_hell_end]

Skill      XL: |  1 |
---------------+----+-----
Earth Magic    | 5 |  5.2
Dodging        | |  1.7
Stealth        | |  2.5
Spellcasting   | |  2.2
Transmutations | |  0.7

Action                   || total
-------------------------++-------
Melee: Unarmed           ||     9
 Cast: Sandblast         ||    11
  Use: Potion            ||     3
Armor: Robe              ||     2
Dodge: Dodged            ||    12

Table legend: (Time is in decaauts)
 A = Elapsed time spent in this place.
 B = Non-inter-level travel time spent in this place.
 C = Inter-level travel time spent in this place.
 D = Time resting spent in this place.
 E = Time spent auto-exploring this place.
 F = Levels seen in this place.
 G = Mean time per level.
                   A        B        C        D        E       F      G
               +--------+--------+--------+--------+--------+-----+--------+
         Total |    277 |    277 |      0 |    231 |      3 |   1 |  277.0 |
       Dungeon |    277 |    277 |      0 |    231 |      3 |   1 |  277.0 |
               +--------+--------+--------+--------+--------+-----+--------+

Top non-repeatable levels by time:
       D: 277 daAuts
